AoeStats
← .ebz

Lombardia

510120516Analyzed
4v4 RM · 3d ago on Sep 29, 2026· 55m 46s· 8 players
Game mode
Random Map
Map size
Large (8 player)
Population
200
Speed
Normal
Resources
Standard
Victory
Conquest
Starting age
Dark Age
Ending age
Imperial Age
RankedLock teamsTeams togetherTeam positionsShared explorationLock speedFull tech treeHidden civsTurbo modeCheats
Victory
Defeat
🇨🇳 Hindustanis · China
1219
+15
🇨🇴 Britons · Colombia
1144
+18
🇨🇳 Spanish · China
1135
+18
🇨🇳 Dravidians · China
1135
+18
🇹🇷 Goths · Türkiye
1212
-18
🇳🇱 Japanese · Netherlands
1195
-18
🇵🇱 Bulgarians · Poland
1176
-17
🇪🇸 Hindustanis · Spain
1155
-16
MIB Asterix
11:18 Feudal Age
11:56 Loom
16:05 Castle Age
14:07 Horse Collar
14:56 Double-Bit Axe
16:16 Wheelbarrow
17:16 Bow Saw
17:57 Heavy Plow
24:50 Fervor
26:14 Hand Cart
27:40 Thumb Ring
27:35 Fletching
27:51 Scale Barding Armor
31:23 Imperial Age
29:37 Bloodlines
29:28 Husbandry
30:59 Ballistics
31:10 Padded Archer Armor
31:02 Town Watch
31:46 Treadmill Crane
32:02 Murder Holes
32:17 Masonry
32:18 Fortified Wall
32:55 Parthian Tactics
34:09 Two-Man Saw
34:11 Chemistry
33:10 Bodkin Arrow
33:50 Bracer
34:27 Heavy Cavalry Archer
35:20 Pikeman
36:01 Squires
35:58 Elite Skirmisher
37:14 Conscription
37:38 Scale Mail Armor
37:49 Forging
37:01 Halberdier
38:33 Chain Mail Armor
38:32 Siege Engineers
38:44 Gambesons
39:36 Iron Casting
39:35 Arson
40:54 Blast Furnace
40:25 Plate Mail Armor
41:29 Elite Samurai
42:47 Hoardings
42:32 Leather Archer Armor
44:33 Kataparuto
44:22 Man-at-Arms
44:56 Long Swordsman
45:45 Two-Handed Swordsman
46:32 Champion
48:12 Crossbowman
49:24 Ring Archer Armor
49:20 Arbalester
[BPGr] AynenOyle
6:38 Loom
11:25 Feudal Age
12:08 Double-Bit Axe
12:07 Horse Collar
17:31 Wheelbarrow
17:39 Stone Mining
20:24 Castle Age
18:19 Gold Mining
20:43 Forging
20:35 Scale Mail Armor
21:53 Bow Saw
22:39 Chain Mail Armor
22:43 Heavy Plow
23:27 Hand Cart
26:43 Chain Mail Armor
28:44 Iron Casting
28:55 Squires
29:09 Anarchy
30:22 Fletching
30:47 Bodkin Arrow
34:47 Imperial Age
34:30 Padded Archer Armor
35:12 Ballistics
35:34 Leather Archer Armor
34:42 Elite Skirmisher
35:48 Bracer
36:49 Blast Furnace
36:11 Conscription
35:27 Elite Huskarl
37:15 Chemistry
36:21 Town Watch
37:19 Ring Archer Armor
40:43 Two-Man Saw
40:16 Crop Rotation
40:24 Stone Shaft Mining
40:40 Murder Holes
51:45 Capped Ram
52:53 Masonry
52:25 Treadmill Crane
.ebz
6:13 Loom
9:32 Feudal Age
10:13 Double-Bit Axe
10:12 Horse Collar
15:01 Wheelbarrow
14:56 Scale Barding Armor
15:31 Forging
18:24 Town Watch
21:54 Castle Age
19:52 Town Watch
22:19 Bloodlines
22:42 Husbandry
22:22 Light Cavalry
23:49 Chain Barding Armor
24:15 Iron Casting
24:26 Hand Cart
27:44 Fletching
30:48 Bow Saw
32:08 Bodkin Arrow
33:00 Heavy Plow
37:51 Scale Mail Armor
41:53 Imperial Age
39:51 Stirrups
40:34 Gold Mining
40:34 Stone Mining
41:59 Hussar
43:42 Blast Furnace
44:12 Plate Barding Armor
43:38 Bracer
43:19 Capped Ram
44:51 Gold Shaft Mining
44:51 Stone Shaft Mining
44:40 Siege Ram
47:59 Cavalier
48:56 Chain Mail Armor
50:12 Crop Rotation
49:44 Murder Holes
50:10 Ballistics
53:09 Gambesons
52:45 Pikeman
53:25 Squires
53:56 Plate Mail Armor
53:49 Conscription
53:37 Halberdier
John Kalztan
8:35 Loom
11:23 Feudal Age
13:06 Double-Bit Axe
16:33 Castle Age
15:17 Double-Bit Axe
15:56 Horse Collar
21:16 Husbandry
24:55 Scale Barding Armor
25:39 Bloodlines
27:46 Bow Saw
32:24 Chain Barding Armor
32:36 Gold Mining
32:55 Heavy Plow
33:09 Town Watch
36:05 Imperial Age
34:25 Grand Trunk Road
34:53 Forging
35:50 Iron Casting
36:34 Gold Shaft Mining
37:05 Fortified Wall
36:42 Heavy Camel Rider
39:57 Imperial Camel Rider
41:15 Plate Barding Armor
44:56 Blast Furnace
45:05 Stone Mining
46:19 Two-Man Saw
46:52 Chemistry
48:35 Padded Archer Armor
50:28 Stone Shaft Mining
50:33 Wheelbarrow
49:58 Town Patrol
50:07 Caravan
54:03 Hand Cart
Elfelo
7:25 Loom
10:07 Feudal Age
10:54 Double-Bit Axe
17:50 Castle Age
15:49 Horse Collar
16:39 Gold Mining
16:42 Stone Mining
22:27 Bow Saw
25:26 Wheelbarrow
32:36 Imperial Age
30:29 Yeomen
30:45 Gold Mining
31:06 Heavy Plow
31:32 Hand Cart
31:03 Town Watch
31:24 Fletching
31:35 Padded Archer Armor
32:53 Gold Shaft Mining
32:22 Man-at-Arms
32:48 Gambesons
33:10 Squires
33:12 Bodkin Arrow
33:54 Hoardings
33:44 Ballistics
34:24 Conscription
33:31 Long Swordsman
34:12 Bracer
35:06 Leather Archer Armor
35:01 Forging
34:51 Scale Mail Armor
34:24 Two-Handed Swordsman
36:20 Two-Man Saw
37:04 Ring Archer Armor
35:58 Pikeman
36:24 Arson
36:34 Champion
37:42 Caravan
39:26 Iron Casting
39:06 Chain Mail Armor
40:01 Town Patrol
41:07 Chemistry
40:12 Siege Engineers
40:17 Masonry
40:19 Careening
40:22 Fortified Wall
40:07 Murder Holes
40:03 Halberdier
42:39 Blast Furnace
42:55 Warwolf
43:41 Plate Mail Armor
47:04 Elite Longbowman
49:00 Architecture
48:13 Treadmill Crane
51:03 Elite Skirmisher
53:48 Light Cavalry
因为
11:14 Feudal Age
9:57 Loom
12:32 Double-Bit Axe
15:33 Castle Age
13:42 Horse Collar
17:16 Bow Saw
18:45 Heavy Plow
23:19 Stone Mining
23:20 Gold Mining
27:36 Wheelbarrow
30:49 Hand Cart
30:34 Town Watch
31:47 Caravan
34:21 Imperial Age
33:01 Bloodlines
32:52 Husbandry
33:15 Scale Barding Armor
33:21 Forging
34:35 Fortified Wall
34:38 Masonry
34:49 Ballistics
35:35 Heavy Camel Rider
37:33 Chain Barding Armor
37:49 Iron Casting
37:36 Imperial Camel Rider
38:56 Plate Barding Armor
39:03 Conscription
39:21 Hoardings
39:25 Grand Trunk Road
41:16 Blast Furnace
42:15 Fletching
42:25 Padded Archer Armor
42:29 Elite Skirmisher
43:16 Thumb Ring
43:33 Bodkin Arrow
43:53 Leather Archer Armor
44:43 Chemistry
44:43 Shatagni
46:04 Light Cavalry
49:11 Hussar
53:34 Two-Man Saw
53:31 Bracer
54:01 Ring Archer Armor
蒙古铁骑
10:59 Feudal Age
14:54 Castle Age
12:47 Double-Bit Axe
12:46 Horse Collar
18:22 Loom
22:21 Wheelbarrow
22:59 Bow Saw
24:29 Hand Cart
24:48 Heavy Plow
24:37 Town Watch
25:46 Gold Mining
30:26 Imperial Age
28:29 Stone Mining
29:33 Town Patrol
30:22 Thumb Ring
30:25 Fletching
30:36 Padded Archer Armor
31:36 Ballistics
33:24 Bodkin Arrow
33:45 Leather Archer Armor
33:43 Elite Elephant Archer
36:18 Bracer
37:12 Ring Archer Armor
36:53 Medical Corps
37:09 Conscription
37:41 Scale Mail Armor
37:52 Forging
39:47 Chemistry
38:43 Murder Holes
38:58 Fortified Wall
39:01 Squires
38:46 Arson
38:24 Pikeman
39:47 Halberdier
40:52 Chain Mail Armor
41:13 Iron Casting
40:44 Scale Barding Armor
43:37 Siege Elephant
49:30 Plate Mail Armor
50:01 Blast Furnace
49:22 Chain Barding Armor
53:28 Caravan
justdoing
10:16 Feudal Age
8:46 Loom
15:38 Castle Age
17:57 Double-Bit Axe
22:44 Horse Collar
27:59 Wheelbarrow
28:06 Town Watch
33:32 Imperial Age
30:50 Town Watch
31:59 Bloodlines
31:49 Husbandry
33:02 Padded Archer Armor
33:23 Fletching
34:29 Leather Archer Armor
35:06 Bow Saw
35:52 Bodkin Arrow
36:28 Ring Archer Armor
35:55 Gold Mining
38:03 Conscription
39:32 Bracer
40:26 Heavy Plow
41:58 Forging
42:52 Chemistry
42:13 Ballistics
43:09 Elite Conquistador
48:09 Bombard Tower
49:15 Hand Cart
50:39 Stone Mining
50:59 Town Patrol
52:37 Two-Man Saw
51:12 Light Cavalry
52:30 Iron Casting
52:00 Scale Barding Armor
53:10 Supremacy
53:21 Masonry
54:38 Chain Barding Armor
55:19 Blast Furnace
53:45 Capped Ram
54:22 Hussar
Connection lost

Rejoining the realm…

Still unreachable

The connection could not be restored.

Session expired

The server has moved on; the page needs a fresh start.